 Seeded DCSS version 0.29.1-12-g30fa7ad0bf (webtiles) character file.

Game seed: 20230118 (custom seed)

41 stormannn the Stinger (level 3, -5/28 HPs)
             Began as a Naga Venom Mage on Jan 18, 2023.
             Slain by a gnoll
             ... wielding a +0 spear
              (7 damage)
             ... on level 2 of the Dungeon.
             The game lasted 00:06:52 (1892 turns).

stormannn the Stinger (Naga Venom Mage)             Turns: 1892, Time: 00:06:52

Health: -5/28      AC:  3    Str: 10    XL:     3   Next: 52%
Magic:  2/6        EV:  9    Int: 17    God:
Gold:   85         SH:  0    Dex: 11    Spells: 5/6 levels left

rFire   . . .      SeeInvis +   l - +0 short sword
rCold   . . .      Faith    .   (no shield)
rNeg    . . .      Spirit   .   a - +1 robe
rPois   +          Reflect  .   (no helmet)
rElec   .          Harm     .   (no cloak)
rCorr   .          Rampage  .   (no gloves)
Will    .....                   (no barding)
Stlth   ++........              (no amulet)
HPRegen 0.09/turn               (no ring)
MPRegen 0.10/turn               (no ring)

@: very slightly contaminated, very slow
A: AC +1, large, see invisible, deformed body, poison resistance, slowness 2,
spit poison 1, naga tail 1
a: Spit Poison


You were on level 2 of the Dungeon.
You visited 1 branch of the dungeon, and saw 2 of its levels.

You collected 85 gold pieces.

Inventory:

Hand Weapons
 l - a +0 short sword (weapon)
Missiles
 i - 28 stones
Armour
 a - a +1 robe (worn)
Scrolls
 h - a scroll of enchant weapon {unknown}
Potions
 b - a potion of magic
 c - a potion of flight
 d - 2 potions of brilliance
 e - 2 potions of mutation
 j - a potion of might {unknown}
 k - a potion of curing {unknown}


   Skills:
 - Level 1.5 Dodging
 + Level 3.7 Stealth
 + Level 2.3 Spellcasting
 + Level 1.1 Conjurations
 + Level 1.6 Transmutations
 + Level 4.4 Poison Magic


You had 5 spell levels left.
You knew the following spells:

 Your Spells              Type           Power      Damage    Failure   Level
a - Sting                 Tmut/Pois      48%        1d5       5%          1

Your spell library contained the following spells:

 Spells                   Type           Power      Damage    Failure   Level
 Poisonous Vapours        Pois/Air       18%        N/A       12%         2
 Mephitic Cloud           Conj/Pois/Air  8%         N/A       26%         3
 Sublimation of Blood     Necr           2%         N/A       28%         2
 Olgreb's Toxic Radiance  Pois           17%        N/A       30%         4
 Petrify                  Tmut/Erth      4%         N/A       78%         4
 Irradiate                Conj/Tmut      3%         3d12      96%         5


Dungeon Overview and Level Annotations

Branches:
Dungeon (2/15)

Altars:


Innate Abilities, Weirdness & Mutations

Your serpentine skin is tough. (AC +1)
You have supernaturally acute eyesight. (SInv)
Armour fits poorly on your strangely shaped body.
Your system is resistant to poisons. (rPois)
You cover ground very slowly.
You can spit poison.
You have a snake-like lower body.


Message History

You hit the gnoll.
The gnoll is severely wounded.
The gnoll hits you with a +0 whip. The gnoll attacks as you move away!
The gnoll misses you.
Casting: Sting (safe; 5% risk of failure)
Confirm with . or Enter, or press ? or * to list all spells.
Aiming: Sting (safe; 5% risk of failure)
Press: ? - help, Shift-Dir - straight line, f/p - gnoll
Aim: a gnoll, wielding a +0 whip (almost dead, poisoned, 75% to hit)
The sting hits the gnoll.
The gnoll looks even sicker.
You kill the gnoll!
The gnoll hits you but does no damage.
Casting: Sting (safe; 5% risk of failure)
Confirm with . or Enter, or press ? or * to list all spells.
Aiming: Sting (safe; 5% risk of failure)
Press: ? - help, Shift-Dir - straight line, f - gnoll
Aim: a gnoll, wielding a +0 spear (75% to hit)
The sting hits the gnoll.
The gnoll is poisoned.
The gnoll is lightly wounded.
The gnoll hits you from afar with a +0 spear!
Okay, then.
As you read the scroll labelled FIEFRUYNUU, it crumbles to dust.
You feel aware of your surroundings.
It was a scroll of magic mapping.
The gnoll hits you from afar with a +0 spear.
* * * LOW HITPOINT WARNING * * *
Casting: Sting (safe; 5% risk of failure)
Confirm with . or Enter, or press ? or * to list all spells.
Aiming: Sting (safe; 5% risk of failure)
Press: ? - help, Shift-Dir - straight line, f/p - gnoll
Aim: a gnoll, wielding a +0 spear (moderately wounded, poisoned, 75% to hit)
You miscast Sting.
You are very lightly contaminated with residual magic.
Nothing appears to happen.
The gnoll hits you from afar with a +0 spear.
* * * LOW HITPOINT WARNING * * *
As you read the scroll labelled JEZYOB TUWEI, it crumbles to dust.
It is a scroll of enchant armour.
Your +0 robe glows green for a moment.
The gnoll hits you from afar with a +0 spear!
You die...

*,,,,* *,,.!.,,,,,*
***,,,,* **,,...,,,,,*
***,,,,,,*
***,,,#g#******
,,,,*,,,,***,,,**#.#
,****,,,,,,,,*** #.# ,*
*,,,,,**** ###.# ,*
*****,* #.g.# ** **,*
#)### * ##,,* ###@# **
#.,** ##...####### ,##**
#.** #..........# ....*
#.# ##..........#
..#.###.####.......>...#
#.....#.##.....##.######
*#..#.#.#...#####.#
*#........### #.#
##.........# ##.#


You could see a gnoll (poisoned).

Vanquished Creatures
  A gnoll (D:2)
  An adder (D:2)
  3 bats (D:1)
  An endoplasm (D:1)
  A goblin (D:1)
  6 hobgoblins
  2 jackals (D:1)
  A kobold (D:1)
  2 ball pythons
  2 rats (D:1)
20 creatures vanquished.

Notes
Turn   | Place    | Note
-------+----------+-------------------------------------------
     0 | D:1      | stormannn the Naga Venom Mage began the quest for the Orb.
     0 | D:1      | Reached XP level 1. HP: 15/15 MP: 3/3
    87 | D:1      | Found a faded altar of an unknown god.
   380 | D:1      | Reached XP level 2. HP: 22/22 MP: 1/5
  1666 | D:2      | Reached skill level 1 in Conjurations
  1666 | D:2      | Reached XP level 3. HP: 18/28 MP: 1/6
  1892 | D:2      | Slain by a gnoll

Illustrated notes

Levels and vault maps discovered:
D:1:      saegor_arrival_fortress, layout_basic, basic_ecumenical_altar,
          chequers_serial_rivers_micro_e, st_stairs_14, minmay_domino_2
D:2:      layout_rooms

Skill      XL: |  1  2 |
---------------+-------+-----
Conjurations   | 1 |  1.1
Dodging        | |  1.5
Stealth        | |  3.7
Spellcasting   | |  2.3
Transmutations | |  1.6
Poison Magic   | |  4.4

Action                   || total
-------------------------++-------
Melee: Club              ||     9
       Short sword       ||    12
       Dagger            ||    10
 Cast: Sting             ||    28
  Use: Scroll            ||     6
       Potion            ||     1
 Stab: Sleeping          ||     1
Armor: Robe              ||     9
       Skin              ||     7
Dodge: Dodged            ||    16
